 Dungeon Crawl Stone Soup version 0.29.1-13-g9f3cf754e1 (webtiles) character file.

Game seed: 16651528029069143799

6104 DrabberRogue the Frost Mage (level 11, -1/80 (87) HPs)
             Began as a Human Ice Elementalist on Dec 30, 2022.
             Was a Follower of Sif Muna.
             Slain by a two-headed ogre
             ... wielding a +0 giant club
              (22 damage)
             ... on level 9 of the Dungeon on Feb 11, 2023.
             The game lasted 01:28:14 (14662 turns).

DrabberRogue the Frost Mage (HuIE)                 Turns: 14662, Time: 01:28:15

HP:   -1/80 (87)    AC: 15    Str: 10    XL:     11   Next: 12%
MP:   7/18          EV: 12    Int: 19    God:    Sif Muna [*.....]
Gold: 771           SH:  5    Dex: 13    Spells: 13/20 levels left

rFire   . . .      SeeInvis .   g - +0 short sword (flame)
rCold   + + .      Faith    .   i - +0 buckler
rNeg    . . .      Spirit   .   t - +2 leather armour {rC+}
rPois   +          Reflect  .   a - +1 hat
rElec   .          Harm     .   B - +2 cloak {rPois}
rCorr   .          Rampage  .   (no gloves)
Will    .....                   (no boots)
Stlth   ++........              (no amulet)
HPRegen 0.23/turn               c - ring of protection from cold
MPRegen 0.16/turn               o - ring of poison resistance

@: ice-armoured, about to teleport, on berserk cooldown, slowed, drained, very
slow
A: no striking features
a: Renounce Religion, Channel Magic


You were on level 9 of the Dungeon.
You worshipped Sif Muna.
Sif Muna was aware of your devotion.
You visited 2 branches of the dungeon, and saw 10 of its levels.

You collected 771 gold pieces.

Inventory:

Hand Weapons
 g - a +0 short sword of flaming (weapon)
 v - a +4 quarterstaff of chaos
 w - a +2 short sword of freezing
 A - a +4 short sword
Armour
 a - a +1 hat (worn)
 i - a +0 buckler (worn)
 t - a +2 leather armour of cold resistance (worn)
 z - a +2 leather armour of willpower
 B - a +2 cloak of poison resistance (worn)
Jewellery
 c - a ring of protection from cold (left hand)
 o - a ring of poison resistance (right hand)
Wands
 b - a wand of quicksilver (5)
Scrolls
 d - a scroll of identify
 e - 2 scrolls of teleportation
 h - a scroll of enchant armour {unknown}
 k - a scroll of fog
 l - 2 scrolls of amnesia
 n - 6 scrolls of vulnerability
 q - a scroll of torment {unknown}
 s - a scroll of summoning {unknown}
 u - a scroll of magic mapping
Potions
 f - 3 potions of curing
 x - a potion of brilliance


   Skills:
 + Level 8.3 Fighting
 - Level 5.0 Short Blades
 - Level 3.0 Armour
 - Level 5.0 Dodging
 - Level 3.0 Stealth
 - Level 4.0 Shields
 - Level 5.0 Spellcasting
 - Level 10.0 Ice Magic


You had 13 spell levels left.
You knew the following spells:

 Your Spells              Type           Power      Damage    Failure   Level
a - Freeze                Ice            100%       1d11      1%          1
b - Frozen Ramparts       Ice            84%        1d13      1%          3
c - Ozocubu's Armour      Ice            42%        N/A       1%          3

Your spell library contained the following spells:

 Spells                   Type           Power      Damage    Failure   Level
 Ensorcelled Hibernation  Hex/Ice        46%        N/A       4%          2
 Beastly Appendage        Tmut           8%         N/A       22%         1
 Magic Dart               Conj           16%        1d3       22%         1
 Summon Small Mammal      Summ           16%        N/A       22%         1
 Hailstorm                Conj/Ice       23%        3d7       26%         4
 Call Imp                 Summ           4%         N/A       32%         2
 Passwall                 Tmut/Erth      3%         N/A       32%         2
 Sublimation of Blood     Necr           4%         N/A       32%         2
 Wereblood                Tmut           4%         N/A       32%         2
 Call Canine Familiar     Summ           4%         N/A       54%         3
 Mephitic Cloud           Conj/Pois/Air  4%         N/A       54%         3
 Spider Form              Tmut/Pois      4%         N/A       54%         3
 Summon Guardian Golem    Hex/Summ       4%         N/A       54%         3
 Swiftness                Air            4%         N/A       54%         3
 Freezing Cloud           Conj/Ice/Air   8%         6-21      83%         5
 Anguish                  Hex/Necr       2%         N/A       91%         4
 Simulacrum               Ice/Necr       11%        N/A       99%         6
 Enfeeble                 Hex            2%         N/A       100%        7
 Summon Hydra             Summ           2%         N/A       100%        7
 Polar Vortex             Ice            21%        N/A       100%        9


Dungeon Overview and Level Annotations

Branches:
Dungeon (9/15)             Temple (1/1) D:6            Lair (0/5) D:9
    Orc: D:9-12

Altars:
Ashenzari
Cheibriados
Dithmenos
Elyvilon
Fedhas
Gozag
Hepliaklqana
Kikubaaqudgha
Makhleb
Okawaru
Qazlal
Ru
Sif Muna
Trog
Uskayaw
Vehumet
Wu Jian
Xom
Zin
The Shining One

Shops:
D:1 [   D:6 (

Portals:
Bailey: D:9

Annotations:
D:8 1 runed translucent door, AverageBear's ghost, novice DsFi


Message History

Your icy armour cracks and falls away as you move.
The frozen ramparts melt away as you move.
A black bear comes into view.
Found 25 gold pieces.
Found a stone staircase leading down.
Unknown command.
Okay, then.
Okay, then.
Unknown command.
A vampire comes into view. It is wielding a +0 club.
The black bear barely misses you. The black bear completely misses you.
The black bear barely misses you. The wolf bites you!
* * * LOW HITPOINT WARNING * * *
The black bear bites you but does no damage.
The black bear claws you but does no damage. x2
Casting: Frozen Ramparts (safe; 1% risk of failure)
Confirm with . or Enter, or press ? or * to list all spells.
A film of ice covers your body!
The wyvern hisses angrily.
The wolf barely misses you. The wolf closely misses you.
The black bear bites you.
* * * LOW HITPOINT WARNING * * *
The black bear barely misses you. x2; You block the wolf's attack.
As you read the scroll of teleportation, it crumbles to dust.
You feel strangely unstable. The wolf bites you but does no damage.
The black bear bites you but does no damage.
The black bear misses you.
The black bear claws you but does no damage.
The wyvern hisses menacingly.
The wolf misses you. The black bear closely misses you.
You block the black bear's attack. The black bear misses you.
The two-headed ogre closely misses you. The two-headed ogre misses you.
Okay, then.
You feel better. The wolf bites you!
* * * LOW HITPOINT WARNING * * *
The wolf misses you.
A gnoll comes into view. It is wielding a +0 club.
The black bear bites you but does no damage.
The black bear closely misses you. x2
The two-headed ogre hits you with a +0 giant club!!
You die...

*,**,* *,* *,##.#***,* *#.....hoo
*,**,* *,* *,,...* *,**#....lSho.
*,**,***,*****#..* *,*#.♣..P..oo.
*,**,**,,,#####..* *,*.o.........
*,**,,,,,,,g....$##*,#.P.♣.......
*,*****,,,**#.....##.o...P....♣..
*,* *,,,,,* #...#h>l.O.......S...
*,* *,**,** *#.h.O#**......P>P...
*,* *,**** #.#@## *,,,,,,,,,,*,
*,* *,* *,#h#***,,,,,,,,,,*, *,*
*,********,.V.,,,,,,,,,,,,,,, *,*
*,,,,,,,,,.....***,,,,,,,,,,, ,,*
*********###.#.# **,,,,,,,*,, ,**
#.#.# **,,,*,,,,, ,* #.#.#
***,*,,,** ,* #.#,#* *,**,,,, ,*
**********,*,,** *,,,,,**


You could see a two-headed ogre, a vampire, a black bear, a wyvern, 2 wolves, an
orc priest, a gnoll (wandering) and an orc.

Vanquished Creatures
  Pikel (D:5)
  Joseph (D:7)
  An unseen horror (D:7)
  Sigmund (D:5)
  5 yaks (D:8)
  A wyvern (D:8)
  An acid dragon (D:8)
  A water moccasin (D:9)
  Duvessa (D:7)
  2 orc warriors (D:6)
  3 black bears
  2 ogres
  2 centaurs
  2 phantoms (D:5)
  A lemure (D:4)
  A gnoll sergeant (D:7)
  4 bullfrogs
  A necrophage (D:6)
  8 scorpions
  9 wights
  Dowan (D:7)
  9 killer bees
  4 hounds
  3 jellies
  2 gnoll boudas
  Crazy Yiuf (D:6)
  2 orc priests (D:6)
  6 iguanas
  2 orc wizards (D:6)
  17 gnolls
  9 adders
  4 white imps (D:6)
  2 ufetubi (D:6)
  A worm (D:3)
  2 dart slugs
  16 orcs
  4 ball pythons
  9 endoplasms
  9 giant cockroaches
  7 hobgoblins
  16 kobolds
  7 quokkas
  3 bats
  3 frilled lizards
  11 goblins
  5 rats
203 creatures vanquished.

Vanquished Creatures (others)
  7 fungi
  22 plants (D:9)
29 creatures vanquished.

Grand Total: 232 creatures vanquished

Notes
Turn   | Place    | Note
-------+----------+-------------------------------------------
     0 | D:1      | DrabberRogue the Human Ice Elementalist began the quest for
                  | the Orb.
     0 | D:1      | Reached XP level 1. HP: 13/13 MP: 3/3
     0 | D:1      | Upgraded the game from 0.29.1-12-g30fa7ad0bf to
                  | 0.29.1-13-g9f3cf754e1
   143 | D:1      | Found Tuinen's Armour Emporium.
   377 | D:1      | Reached XP level 2. HP: 19/19 MP: 3/5
   755 | D:1      | Reached XP level 3. HP: 22/24 MP: 3/6
  1018 | D:1      | Learned a level 3 spell: Frozen Ramparts
  1217 | D:2      | Found a faded altar of an unknown god.
  1270 | D:2      | Reached skill level 5 in Ice Magic
  1310 | D:2      | Found a stormy altar of Qazlal.
  1732 | D:2      | Learned a level 3 spell: Ozocubu's Armour
  1778 | D:3      | Reached XP level 4. HP: 30/30 MP: 2/8
  2003 | D:3      | Noticed a sky beast
  2678 | D:3      | You fall into a shaft and drop 3 floors!
  2753 | D:6      | Found a snail-covered altar of Cheibriados.
  2808 | D:5      | Entered Level 5 of the Dungeon
  2845 | D:5      | Noticed a scorpion
  3184 | D:3      | Reached XP level 5. HP: 25/35 MP: 1/10
  3915 | D:4      | Found an ornate altar of the Wu Jian Council.
  4088 | D:4      | Reached XP level 6. HP: 40/41 MP: 2/12
  4371 | D:4      | Reached skill level 5 in Spellcasting
  4598 | D:4      | Found a shimmering altar of Xom.
  4923 | D:5      | Reached XP level 7. HP: 46/46 MP: 6/14
  5186 | D:5      | Noticed Pikel
  5663 | D:5      | Reached skill level 5 in Dodging
  5663 | D:5      | Reached skill level 1 in Armour
  5998 | D:5      | Noticed Sigmund
  6085 | D:6      | Found Luq Enle's Antique Weapon Boutique.
  6462 | D:6      | Reached skill level 1 in Shields
  6462 | D:6      | Reached XP level 8. HP: 52/52 MP: 3/15
  6942 | D:6      | Found a staircase to the Ecumenical Temple.
  7111 | D:6      | Found a runed translucent door.
  7112 | D:6      | Noticed Crazy Yiuf
  7591 | D:5      | Found a bloodstained altar of Trog.
  8812 | D:6      | Reached XP level 9. HP: 65/66 MP: 6/16
  8827 | D:6      | Reached skill level 5 in Fighting
  8827 | D:6      | Reached skill level 1 in Short Blades
  9756 | D:6      | Reached skill level 6 in Ice Magic
 10103 | D:6      | Killed Crazy Yiuf
 10204 | D:7      | Found a glowing golden altar of the Shining One.
 10261 | D:7      | Killed an unseen horror
 10262 | D:7      | Reached skill level 7 in Ice Magic
 10399 | D:7      | Found a stormy altar of Qazlal.
 10447 | D:7      | Noticed Joseph
 10493 | Temple   | Entered the Ecumenical Temple
 10598 | Temple   | Became a worshipper of Sif Muna the Loreminder
 10636 | D:6      | Reached skill level 8 in Ice Magic
 10965 | D:6      | Reached XP level 10. HP: 74/74 MP: 7/17
 11054 | D:5      | Killed Sigmund
 11259 | D:5      | Killed Pikel
 11260 | D:5      | Reached skill level 9 in Ice Magic
 11504 | D:6      | Reached skill level 10 in Ice Magic
 11663 | D:7      | Killed Joseph
 11819 | D:7      | Found a white marble altar of Elyvilon.
 11829 | D:7      | Noticed Duvessa
 11834 | D:7      | Noticed Dowan
 11837 | D:7      | Killed Dowan
 11843 | D:7      | Killed Duvessa
 12025 | D:7      | Reached skill level 5 in Short Blades
 12835 | D:7      | Reached * piety under Sif Muna
 13552 | D:8      | Found an ancient bone altar of Kikubaaqudgha.
 13631 | D:8      | Reached XP level 11. HP: 58/84 MP: 10/18
 13744 | D:8      | Found a hazy altar of Hepliaklqana.
 14083 | D:8      | Found a runed translucent door.
 14083 | D:8      | Noticed AverageBear's ghost (novice DsFi)
 14083 | D:8      | Noticed a cyclops
 14437 | D:9      | Noticed a cyclops
 14525 | D:9      | Noticed a two-headed ogre
 14622 | D:9      | Found a flagged portal.
 14644 | D:9      | Found a staircase to the Lair.
 14644 | D:9      | Noticed a two-headed ogre
 14649 | D:9      | Found a shadowy altar of Dithmenos.
 14649 | D:9      | Found a blossoming altar of Fedhas.
 14649 | D:9      | Noticed a tengu warrior
 14662 | D:9      | Slain by a two-headed ogre

Illustrated notes

Levels and vault maps discovered:
D:1:      scummos_arrival_gate, layout_loops_ring, serial_shops, shop
D:2:      layout_loops_ring, shapermc_ecumenical_altar_pompeii, basic_altar,
          minmay_misc_feat_columns
D:3:      layout_basic, chequers_serial_rivers_large_a
D:4:      layout_loops_cross, mainiacjoe_overflow_boulevard, tgw_xom
D:5:      layout_cave_pools, trog_hazing_becter, st_stairs_7, uniq_pikel,
          uniq_sigmund
D:6:      minmay_polygon_palace, layout_loops_corners, kennysheep_slug_shrine,
          minmay_temple_entry_from_below_a, serial_shops, nicolae_square_shop,
          kennysheep_generic_room_14, uniq_crazy_yiuf_cottage
D:7:      layout_loops_ring, mainiacjoe_overflow_small_starburst,
          tso_metal_star, kennysheep_mini_moat, serial_park_tiny_1,
          uniq_duvessa, uniq_joseph
D:8:      layout_loops_ring, nicolae_kikubaaqudgha_miasma_corner,
          mainiacjoe_overflow_concentric_impassable, ebering_ghost_inner_flame
D:9:      layout_loops_ring, chequers_temple_overflow_statue_of_worship,
          nicolae_yredelemnul_corpse_copse, minmay_lair_entry_grove,
          enter_bailey_2
Temple:   nicolae_temple_cloud_nine

Skill      XL: |  1  2  3  4  5  6  7  8  9 10 11 |
---------------+----------------------------------+-----
Ice Magic      | 5 8 10 | 10.0
Spellcasting   | 3 4 5 |  5.0
Dodging        | 3 5 |  5.0
Armour         | 3 |  3.0
Shields        | 1 4 |  4.0
Fighting       | 4 5 7 8 |  8.3
Short Blades   | 3 5 |  5.0
Stealth        | 3 |  3.0

Action                   |  1- 3 |  4- 6 |  7- 9 | 10-12 || total
-------------------------+-------+-------+-------+-------++-------
Melee: Dagger            |     4 |    10 |    56 |       ||    70
       Spear             |       |       |     2 |       ||     2
       Short sword       |       |       |   137 |   181 ||   318
       Punch             |       |       |     2 |       ||     2
 Cast: Freeze            |    43 |    55 |    94 |    11 ||   203
       Frozen Ramparts   |     2 |     9 |    50 |    26 ||    87
       Ozocubu's Armour  |       |     8 |    43 |    28 ||    79
  Use: Scroll            |     2 |     3 |     1 |     8 ||    14
       Potion            |       |       |    11 |     5 ||    16
 Stab: Sleeping          |     4 |     9 |     2 |     3 ||    18
Armor: Robe              |     7 |     7 |    29 |       ||    43
       Skin              |       |       |    86 |     1 ||    87
       Leather armour    |       |       |    81 |    70 ||   151
Dodge: Dodged            |     9 |    18 |   189 |   116 ||   332
Block: Buckler           |       |       |     7 |    45 ||    52
